 Dungeon Crawl Stone Soup version 0.31-a0-188-g5e087ee2ca (webtiles) character file.

Game seed: 1197316487005131718

98 qw the Shooter (level 4, -3/25 HPs)
             Began as a Deep Elf Hunter on June 23, 2023.
             Slain by Sigmund
             ... wielding a +0 scythe
              (8 damage)
             ... on level 2 of the Dungeon.
             The game lasted 00:00:32 (1394 turns).

qw the Shooter (Deep Elf Hunter)                    Turns: 1394, Time: 00:00:32

Health: -3/25      AC:  9    Str: 10    XL:     4   Next: 43%
Magic:  6/6        EV: 12    Int: 14    God:
Gold:   138        SH:  0    Dex: 18    Spells: 3/3 levels left

rFire   . . .        Y - +0 shortbow
rCold   . . .        (shield currently unavailable)
rNeg    . . .        c - +0 leather armour
rPois   .            (no helmet)
rElec   .            (no cloak)
rCorr   .            (no gloves)
SInv    .            b - +1 pair of boots
Will    .....        (no amulet)
Stlth   +            g - +4 ring of protection
HPRegen 0.24/turn    (no ring)
MPRegen 0.10/turn

%: no passive effects
@: confused
A: no striking features
a: no special abilities


You were on level 2 of the Dungeon.
You visited 1 branch of the dungeon, and saw 2 of its levels.

You collected 138 gold pieces.


   Skills:
 - Level 1.5 Fighting
 + Level 7.9 Ranged Weapons
 - Level 2.4 Dodging
 - Level 1.2 Stealth


You had 3 spell levels left.
You didn't know any spells.
Your spell library was empty.

Inventory:

Hand Weapons
 Y - a +0 shortbow (weapon)
Armour
 b - a +1 pair of boots (worn)
 c - a +0 leather armour (worn)
Jewellery
 g - a +4 ring of protection (left hand)
Scrolls
 a - a scroll of identify
 e - 2 scrolls of revelation {unknown}
 i - a scroll of immolation {unknown}
Potions
 d - a potion of invisibility {unknown}
 f - 2 potions of degeneration {unknown}
 h - 2 potions of haste {unknown}

Dungeon Overview and Level Annotations

Branches:
Dungeon (2/15)

Altars:

Annotations:
D:2 Sigmund


Message History

Sigmund is moderately wounded.
You shoot an arrow. The arrow hits Sigmund.
Sigmund is heavily wounded.
Sigmund closely misses you.
You shoot an arrow. The arrow hits Sigmund!
Sigmund is severely wounded.
Sigmund misses you.
You shoot an arrow. The arrow closely misses Sigmund.
You shoot an arrow. The arrow barely misses Sigmund.
Sigmund closely misses you.
You shoot an arrow. The arrow hits Sigmund.
Sigmund is almost dead.
Sigmund hits you from afar with a +0 scythe!
Enter note:
Enter note:
Enter note:
Enter note:
Enter note:
Enter note:
Enter note:
Enter note:
Enter note:
Enter note:
Enter note:
Enter note:
1388 ||| UPGRADING to +1 pair of boots.
You start putting on your armour.
You continue putting on your +1 pair of boots.
Sigmund points at you and mumbles some strange words.
Keep equipping yourself?
You are confused.
You continue putting on your +1 pair of boots.
Sigmund barely misses you.
You continue putting on your +1 pair of boots.
Sigmund closely misses you.
You continue putting on your +1 pair of boots.
You finish putting on your +1 pair of boots.
Sigmund hits you from afar with a +0 scythe!
Sigmund hits you from afar with a +0 scythe!
You die...

#.. ...# #.. #....
#.. .. ##.# ######
#.. #... .....
######.####..####...#
...)##.........<#@..#
....##..##....#.#...#
....##..##......@...#
....'...##..###.##..#
....#...##....#.# .#
....#.......#.#.. #
....#.#.#####.#.##
#####.#.# ... #....
..# ###.## ### #..


You could see Sigmund.

Vanquished Creatures
  4 gnolls (D:2)
  An adder (D:2)
  2 worms (D:2)
  A dart slug (D:1)
  3 bats
  2 endoplasms
  2 giant cockroaches
  4 goblins
  3 hobgoblins
  4 kobolds (D:1)
  5 quokkas
  4 ball pythons
  2 frilled lizards (D:2)
  4 rats
41 creatures vanquished.

Notes
Turn   | Place    | Note
-------+----------+-------------------------------------------
     0 | D:1      | qw the Deep Elf Hunter began the quest for the Orb.
     0 | D:1      | Reached XP level 1. HP: 12/12 MP: 3/3
     0 | D:1      | 0 ||| qw: Version: 0.3-a-9-g12657ce
     0 | D:1      | 0 ||| qw: Game counter: 4111
     0 | D:1      | 0 ||| qw: Always use a shield: true
     0 | D:1      | 0 ||| qw: God list: Okawaru
     0 | D:1      | 0 ||| qw: Allow faded altars: false
     0 | D:1      | 0 ||| qw: Do Orc after D:15 true
     0 | D:1      | 0 ||| qw: Do second Lair branch before Depths: true
     0 | D:1      | 0 ||| qw: Lair rune preference: random
     0 | D:1      | 0 ||| qw: Plans: Normal
     0 | D:1      | 0 ||| PLANNING D:1-11
    73 | D:1      | Found a faded altar of an unknown god.
   164 | D:1      | Reached XP level 2. HP: 16/16 MP: 4/4
   176 | D:1      | Reached skill level 6 in Ranged Weapons
   729 | D:1      | 729 ||| UPGRADING to +4 ring of protection.
   730 | D:1      | 730 ||| READING 2 scrolls labelled OKHUN SOXZOME.
   731 | D:1      | 731 ||| READING scroll labelled DOSUTUAVVIN.
   732 | D:1      | 732 ||| READING scroll labelled YRIORGHYIXE.
   736 | D:1      | 736 ||| READING scroll labelled TOFIXK QAUNK.
   737 | D:1      | 737 ||| DROPPING scroll of butterflies.
   817 | D:2      | Reached XP level 3. HP: 13/20 MP: 5/5
   818 | D:2      | Reached skill level 7 in Ranged Weapons
   877 | D:2      | Reached XP level 4. HP: 25/25 MP: 6/6
  1374 | D:2      | Noticed Sigmund
  1388 | D:2      | 1388 ||| UPGRADING to +1 pair of boots.
  1393 | D:2      | HP: 5/25 [Sigmund/+0 scythe (7)]
  1394 | D:2      | Slain by Sigmund

Levels and vault maps discovered:
D:1:      amcnicky_arrival_double_pillar, layout_basic, basic_ecumenical_altar
D:2:      layout_basic, minmay_statues_item, uniq_sigmund

Skill      XL: |  1  2  3 |
---------------+----------+-----
Ranged Weapons | 6 7 |  7.9
Fighting       | |  1.5
Dodging        | |  2.4
Stealth        | |  1.2

Action                     |  1- 3 |  4- 6 || total
---------------------------+-------+-------++-------
   Fire: Shortbow          |    62 |    70 ||   132
    Use: Scroll            |     4 |       ||     4
 Armour: Leather armour    |     1 |     7 ||     8
  Dodge: Dodged            |    10 |    27 ||    37

Table legend:
 A = Non-vault XP
 B = Vault XP
 C = Vault XP percentage of total XP
 D = Non-vault monster count
 E = Vault monster count
 F = Vault count percentage of total count
                 A         B        C        D         E       F
            +---------+---------+-------+---------+---------+-------
      Total |     140 |       0 |   0.0 |      41 |       0 |   0.0
            +---------+---------+-------+---------+---------+-------
        D:1 |      33 |       0 |   0.0 |      18 |       0 |   0.0
        D:2 |     107 |       0 |   0.0 |      23 |       0 |   0.0
            +---------+---------+-------+---------+---------+-------
